 Dungeon Crawl Stone Soup version 0.31-a0-187-gba352fbbf7 (webtiles) character file.

Game seed: 568460757458805183

1136 Gorgondantess the Zephyrmancer (level 8, -1/44 HPs)
             Began as a Tengu Air Elementalist on June 22, 2023.
             Was a Priest of Vehumet.
             Shot with an arrow by a centaur (9 damage)
             ... on level 7 of the Dungeon.
             The game lasted 00:15:57 (7318 turns).

Gorgondantess the Zephyrmancer (TeAE)               Turns: 7318, Time: 00:15:58

Health: -1/44      AC:  5    Str:  9    XL:     8   Next: 36%
Magic:  2/14       EV: 14    Int: 18    God:    Vehumet [***...]
Gold:   281        SH:  0    Dex: 14    Spells: 2/14 levels left

rFire   . . .        w - +2 dagger (drain)
rCold   . . .        (no shield)
rNeg    . . .        D - +0 leather armour
rPois   .            A - +0 hat
rElec   .            e - +0 cloak
rCorr   .            l - +0 pair of gloves
SInv    .            (boots unavailable)
Will    .....        (no amulet)
Stlth   ++           (no ring)
HPRegen 0.27/turn    (no ring)
MPRegen 0.14/turn

%: no passive effects
@: flying quickly and evasively, quick
A: beak, talons 3, nimble flight
a: Renounce Religion


You were on level 7 of the Dungeon.
You worshipped Vehumet.
Vehumet was most pleased with you.
You visited 1 branch of the dungeon, and saw 7 of its levels.
You also visited: Sewer.

You collected 281 gold pieces.

Inventory:

Hand Weapons
 c - a +0 short sword
 m - a +1 dagger of speed
 w - a +2 dagger of draining (weapon)
 B - a +2 dagger of flaming
Missiles
 d - 24 poisoned darts
 z - a throwing net
Armour
 a - a +0 robe
 e - a +0 cloak (worn)
 l - a +0 pair of gloves (worn)
 n - a +0 robe
 A - a +0 hat (worn)
 D - a +0 leather armour (worn)
Jewellery
 o - the ring "Ephicu" {rF+++ rC+ Str-4 Dex-4 Stlth+}
   (You acquired it on level 6 of the Dungeon)

   [ring of protection from cold]

   Str:       It affects your strength (-4).
   Dex:       It affects your dexterity (-4).
   rF:        It renders you almost immune to fire.
   rC:        It protects you from cold.
   Stlth:     It makes you more stealthy.
Wands
 h - a wand of acid (11)
 y - a wand of iceblast (17)
Scrolls
 f - a scroll of vulnerability
 j - 3 scrolls of teleportation
 p - 2 scrolls of blinking {unknown}
 u - a scroll of fog {unknown}
 E - a scroll of poison
Potions
 b - a potion of magic
 g - a potion of enlightenment
 i - 2 potions of curing
 k - 2 potions of lignification
 q - a potion of brilliance
 r - a potion of degeneration
 s - a potion of heal wounds
 t - a potion of haste
 v - 2 potions of attraction
 x - a potion of ambrosia
 C - 2 potions of might
 F - a potion of cancellation


   Skills:
 - Level 2.0 Fighting
 - Level 2.0 Short Blades
 - Level 2.1 Dodging
 - Level 2.0 Stealth
 + Level 3.7 Spellcasting
 * Level 6.0 Conjurations
 + Level 3.6 Summonings
 * Level 9.1 Air Magic


You had 2 spell levels left.
You knew the following spells:

 Your Spells              Type           Power      Damage    Failure   Level
a - Shock                 Conj/Air       100%       1d9       1%          1
b - Static Discharge      Conj/Air       60%        2-5/arc   1%          2
c - Airstrike             Air            18%        2d(3-19)  1%          4
d - Summon Small Mammal   Summ           64%        N/A       4%          1
e - Summon Lightning Spi  Summ/Air       26%        N/A       16%         4

Your spell library contained the following spells:

 Spells                   Type           Power      Damage    Failure   Level
 Momentum Strike          Conj/Tloc      28%        3d8       2%          2
 Kiss of Death            Conj/Necr      56%        2d9       1%          1
 Apportation              Tloc           6%         N/A       22%         1
 Beastly Appendage        Tmut           6%         N/A       22%         1
 Necrotise                Necr           12%        1d4       22%         1
 Wereblood                Tmut           3%         N/A       32%         2
 Swiftness                Air            36%        N/A       1%          3
 Sticky Flame             Conj/Fire      14%        2d4       16%         4
 Ignite Poison            Fire/Tmut/Pois 3%         N/A       17%         3
 Olgreb's Toxic Radiance  Pois           3%         N/A       45%         4
 Confusing Touch          Hex            3%         N/A       54%         3
 Spider Form              Tmut/Pois      3%         N/A       54%         3
 Silence                  Hex/Air        9%         N/A       65%         5
 Dispel Undead            Necr           3%         3d7       91%         4
 Passage of Golubria      Tloc           3%         N/A       91%         4
 Discord                  Hex            1%         N/A       100%        8
 Ignition                 Fire           1%         3d3       100%        8
 Lehudib's Crystal Spear  Conj/Erth      7%         10d3      100%        8


Dungeon Overview and Level Annotations

Branches:
Dungeon (7/15)             Temple (0/1) D:6           Sewer (visited)

Altars:
Ashenzari
Cheibriados
Elyvilon
Kikubaaqudgha
Nemelex Xobeh
Okawaru
Qazlal
Sif Muna
Vehumet
Zin
The Shining One

Annotations:
D:4 2 runed translucent doors, Leavold's ghost, weakling DESu
D:5 1 runed translucent door, Croix's ghost, amateur MiBe


Innate Abilities, Weirdness & Mutations

You have a beak for a mouth.
You have claws for feet.
Your magical nature lets you fly swiftly and evasively.


Message History

You kill the bullfrog!
Vehumet accepts your kill.
You feel your power returning.
The white imp shouts!
Your Conjurations skill increases to level 6!
A centaur comes into view.
The centaur shouts!
The centaur wields a +0 orcbow.
The centaur shoots an arrow.
The arrow closely misses you.
The centaur shoots an arrow.
The arrow hits you! The white imp gestures at you. The puff of frost hits you!
The centaur shoots an arrow.
The arrow barely misses you. The white imp gestures at you.
The puff of frost hits you!
The centaur shoots an arrow.
The arrow closely misses you.
The centaur shoots an arrow.
The arrow barely misses you.
The centaur shoots an arrow.
The arrow hits you!
* * * LOW HITPOINT WARNING * * *
You feel much better.
The centaur shoots an arrow.
The arrow barely misses you.
Casting: Airstrike (dangerous; 1% risk of failure)
Confirm with . or Enter, or press ? or * to list all spells.
Aiming: Airstrike (dangerous; 1% risk of failure)
Press: ? - help, Dir - move target, f - centaur
Aim: a centaur, wielding a +0 orcbow (empty space bonus: 5/8)
The air twists around and strikes the centaur.
The centaur is moderately wounded.
The centaur shoots an arrow.
The arrow hits you!
* * * LOW HITPOINT WARNING * * *
The centaur shoots an arrow.
The arrow closely misses you.
Unknown command.
Casting: Airstrike (dangerous; 1% risk of failure)
Confirm with . or Enter, or press ? or * to list all spells.
Aiming: Airstrike (dangerous; 1% risk of failure)
Press: ? - help, Dir - move target, f/p - centaur
Aim: a centaur, wielding a +0 orcbow (moderately wounded, empty space bonus: 5/8)
The air twists around and strikes the centaur!
The centaur is almost dead.
The centaur shoots an arrow.
The arrow hits you!
You die...

#...#.#. ...#..... .#....#.#
#.# .#....#.#.# #.#
...#......# #.# .....#.#..#
#.# #.#.......########## #.#
...†#...#.....@....# ##.##
.#....#5c.########.###...#####
....#...#.# #.[[).[.)...<.#
#.......# #.#.###...###.#
.....#.#.## #.#.# ##.## #.#
...#.....# #.#.# #... #.# .
....#.#. #.#.# ###.##.#
...#.... #. ....# .##.#
.....#.# .# #.### ##.#


You could see a centaur and a white imp.

Vanquished Creatures
  A water moccasin (D:6)
  A sky beast (D:6)
  A centaur (D:6)
  A bullfrog (D:7)
  2 scorpions (D:5)
  An orc priest (D:5)
  A gnoll bouda (D:6)
  3 hounds
  Jessica (D:2)
  2 orc wizards (D:7)
  Natasha (thrice) (D:2)
  2 iguanas (D:5)
  9 gnolls
  5 river rats (Sewer)
  7 adders
  2 white imps (D:6)
  A worm (D:2)
  2 dart slugs
  8 orcs
  14 ball pythons
  6 bats
  8 endoplasms
  4 giant cockroaches
  3 hobgoblins
  14 jackals
  7 kobolds
  A quokka (D:1)
  4 frilled lizards (Sewer)
  7 goblins
  11 rats
132 creatures vanquished.

Vanquished Creatures (collateral kills)
  An endoplasm (D:3)
1 creature vanquished.

Grand Total: 133 creatures vanquished

Notes
Turn   | Place    | Note
-------+----------+-------------------------------------------
     0 | D:1      | Gorgondantess the Tengu Air Elementalist began the quest
                  | for the Orb.
     0 | D:1      | Reached XP level 1. HP: 10/10 MP: 4/4
   371 | D:1      | Reached XP level 2. HP: 15/15 MP: 4/6
   374 | D:1      | Learned a level 2 spell: Static Discharge
   797 | D:1      | Reached XP level 3. HP: 19/19 MP: 4/7
  1472 | D:2      | Reached skill level 5 in Air Magic
  1511 | D:2      | Noticed Natasha
  1523 | D:2      | Killed Natasha
  1524 | D:2      | Reached XP level 4. HP: 17/24 MP: 2/8
  1632 | D:2      | Noticed Jessica
  1636 | D:2      | Killed Jessica
  1936 | D:2      | Noticed Natasha
  1947 | D:2      | Killed Natasha
  1948 | D:2      | Gained mutation: Your magical nature lets you fly swiftly
                  | and evasively. [Tengu growth]
  1948 | D:2      | Reached XP level 5. HP: 19/28 MP: 0/9
  2304 | D:2      | Noticed Natasha
  2308 | D:2      | Killed Natasha
  2309 | D:2      | Reached skill level 6 in Air Magic
  2525 | D:3      | Found a faded altar of an unknown god.
  2536 | D:3      | Prayed at the altar of an unknown god.
  2536 | D:3      | Became a worshipper of Vehumet
  2536 | D:3      | Reached * piety under Vehumet
  2536 | D:3      | Offered knowledge of Kiss of Death by Vehumet.
  2591 | D:3      | Found a white marble altar of Elyvilon.
  2611 | D:3      | Reached skill level 1 in Short Blades
  2747 | D:3      | Found a glowing drain.
  2781 | D:3      | Learned a level 4 spell: Airstrike
  2855 | Sewer    | Entered a sewer
  3053 | Sewer    | Reached XP level 6. HP: 29/32 MP: 10/10
  3067 | Sewer    | Reached skill level 7 in Air Magic
  3069 | Sewer    | Reached ** piety under Vehumet
  3069 | Sewer    | Offered knowledge of Magic Dart by Vehumet.
  3111 | Sewer    | Identified the +1 pair of boots "Waarhor" {rPois Stlth+}
  3673 | D:3      | Learned a level 1 spell: Summon Small Mammal
  4058 | D:4      | Found a runed translucent door.
  4064 | D:4      | Noticed Leavold's ghost (weakling DESu)
  4133 | D:4      | Found a runed translucent door.
  4659 | D:4      | Found a shimmering blue altar of Sif Muna.
  4741 | D:5      | Entered Level 5 of the Dungeon
  4804 | D:5      | Found a stormy altar of Qazlal.
  4828 | D:5      | Found a glowing silver altar of Zin.
  4846 | D:5      | Found a broken altar of Ashenzari.
  4848 | D:5      | Found a glowing golden altar of the Shining One.
  4867 | D:5      | Offered knowledge of Momentum Strike by Vehumet.
  4868 | D:5      | Reached skill level 1 in Summonings
  4993 | D:5      | Found a sparkling altar of Nemelex Xobeh.
  5042 | D:5      | Reached skill level 1 in Fighting
  5135 | D:5      | Reached XP level 7. HP: 11/38 MP: 3/12
  5360 | D:5      | Found a runed translucent door.
  5365 | D:5      | Noticed Croix's ghost (amateur MiBe)
  5378 | D:5      | Reached skill level 8 in Air Magic
  5529 | D:5      | Reached *** piety under Vehumet
  5702 | D:5      | Learned a level 4 spell: Summon Lightning Spire
  6016 | D:6      | Found a snail-covered altar of Cheibriados.
  6082 | D:6      | Found an ancient bone altar of Kikubaaqudgha.
  6244 | D:6      | Reached skill level 5 in Conjurations
  6431 | D:6      | Found a staircase to the Ecumenical Temple.
  6443 | D:6      | Identified a scroll of acquirement
  6444 | D:6      | Acquired the ring "Ephicu" {rF+++ rC+ Str-4 Dex-4 Stlth+}
  6511 | D:6      | Reached XP level 8. HP: 30/44 MP: 11/14
  6683 | D:6      | Found an iron altar of Okawaru.
  7240 | D:7      | Reached skill level 9 in Air Magic
  7318 | D:7      | Shot with an arrow by a centaur

Illustrated notes

Levels and vault maps discovered:
D:1:      tarquinn_simple_flora_water_d, layout_basic, serial_rivers,
          chequers_serial_rivers_room_b, chequers_serial_rivers_large_b,
          chequers_serial_rivers_micro_d, chequers_serial_rivers_large_a,
          chequers_serial_rivers_micro_c, chequers_serial_rivers_small_a
D:2:      layout_loops_ring, minmay_pentomino_x2, uniq_jessica, uniq_natasha
D:3:      layout_loops_ring, overflow_temple_1_default,
          cheibrodos_sewer_entry_drain, shapermc_ecumenical_altar_totnotflames,
          minmay_statues_item, serial_bayou_pond_e,
          chequers_serial_rivers_micro_e
D:4:      layout_basic, led_sif_pool, ebering_ghost_sewer_f
D:5:      layout_cave_pools, grunt_qazlal_clouds, grunt_temple_overflow_open,
          ebering_ghost_inner_flame, minmay_misc_feat_enclosed, nicolae_sextant,
          st_stairs_1, dreamdust_gnoll_farm
D:6:      layout_loops_ring, okawaru_ov_weapons_minmay, lemuel_doored_altar,
          nicolae_overflow_crystal_walls, minmay_temple_entry_sparse_star,
          kennysheep_nub
D:7:      layout_loops_ring, nicolae_gozag_seed_capital,
          nicolae_overflow_hidden_temple, nicolae_kite_square_tiling_tiny,
          grunt_ministairs_7

Skill      XL: |  1  2  3  4  5  6  7  8 |
---------------+-------------------------+-----
Conjurations   | 2 3 4 5 6 |  6.0
Air Magic      | 5 6 7 8 9 |  9.1
Short Blades   | 1 2 |  2.0
Summonings     | 1 3 |  3.6
Fighting       | 1 2 |  2.0
Spellcasting   | 3 |  3.7
Dodging        | |  2.1
Stealth        | |  2.0

Action                     |  1- 3 |  4- 6 |  7- 9 || total
---------------------------+-------+-------+-------++-------
  Melee: Short sword       |    25 |       |       ||    25
         Kick              |     6 |     5 |     4 ||    15
         Peck              |     2 |     7 |     5 ||    14
         Dagger            |       |    44 |    20 ||    64
   Cast: Shock             |    55 |    72 |    19 ||   146
         Static Discharge  |       |    17 |     1 ||    18
         Airstrike         |       |     7 |    28 ||    35
         Summon Small Mamm |       |     2 |       ||     2
    Use: Potion            |       |     1 |     1 ||     2
         Scroll            |       |       |    15 ||    15
   Stab: Sleeping          |     2 |     9 |       ||    11
 Armour: Robe              |     4 |     7 |       ||    11
         Leather armour    |       |     1 |     3 ||     4
  Dodge: Dodged            |    19 |    38 |    30 ||    87

Table legend: (Time is in decaauts)
 A = Elapsed time spent in this place.
 B = Non-inter-level travel time spent in this place.
 C = Inter-level travel time spent in this place.
 D = Time resting spent in this place.
 E = Time spent auto-exploring this place.
 F = Levels seen in this place.
 G = Mean time per level.
                   A        B        C        D        E       F      G
               +--------+--------+--------+--------+--------+-----+--------+
         Total |   6993 |   6793 |    200 |    609 |   5119 |   8 |  874.1 |
       Dungeon |   6539 |   6339 |    200 |    609 |   4772 |   7 |  934.1 |
         Sewer |    453 |    453 |      0 |      0 |    347 |   1 |  453.0 |
               +--------+--------+--------+--------+--------+-----+--------+

Top non-repeatable levels by time:
     D:1: 1476 daAuts
     D:5: 1258 daAuts
     D:6: 1084 daAuts
     D:2: 1034 daAuts
     D:3: 933 daAuts
     D:4: 661 daAuts
   Sewer: 453 daAuts
     D:7: 91 daAuts
